Map: Galactic Process LE

Players

SCV

  • Race: Zerg Zerg
  • League: Master

Yestaril - Winner!

  • Race: Protoss Protoss

VOD

Have the link to the VOD?

Description

Time

  • Played on: Oct. 23, 2016, 9:04 a.m.
  • Length: 9:45
Show
View Real Time Build Order
Export as new Build Order

SCV Zerg 

Build Orders: Hatch First 

Get SALT Encoding   

  12  0:00  Drone  
  13  0:10  Drone  
  14  0:15  Extractor, Drone  
  15  0:21  Overlord  
  15  0:40  Drone x2  
  17  0:44  Drone  
  18  0:58  Unknown, Hatchery  
  17  1:08  Spawning Pool  
  16  1:16  Drone  
  16  1:17  Drone  
  18  1:24  Overlord  
  18  1:47  Drone x2  
  18  1:50  Drone  
  21  1:55  Queen  
  23  2:08  Unknown, Hatchery  
  22  2:09  Unknown  
  22  2:12  Queen  
  24  2:24  Drone x2  
  24  2:25  Drone x2  
  24  2:26  Drone  
  29  2:38  Drone  
  29  2:39  Drone  
  29  2:42  Queen  
  33  2:44  Drone  
  34  3:01  Drone x2  
  34  3:03  Overlord  
  36  3:12  Extractor, Drone  
  36  3:13  Extractor, Drone  
  36  3:19  Queen, Unknown  
  38  3:21  Drone x4  
  38  3:22  Queen  
  38  3:46  Drone x3  
  38  3:47  Drone x3  
  38  3:48  Drone x3  
  43  4:02  Drone x3  
  46  4:14  Drone x4  
  44  4:44  Lair  
  44  4:45  Roach Warren  
  43  4:53  Spine Crawler  
  43  4:54  Drone x3  
  43  4:56  Drone  
  43  4:57  Spore Crawler, Drone  
  43  4:59  Spore Crawler  
  45  5:00  Drone  
  45  5:01  Queen  
  45  5:06  Queen  
  50  5:24  Evolution Chamber, Overlord  
  50  5:25  Evolution Chamber, Overlord x2  
  48  5:34  Drone x2  
  50  5:46  Drone  
  50  5:47  Drone x8  
  59  5:54  Spine Crawler  
  48  6:27  Drone x3  
  48  6:28  Drone x3  
  48  6:50  Roach x7  
  48  6:51  Roach x2  
  60  7:21  Drone  
  60  7:22  Drone x5  
  64  7:27  Zerg Ground Armor Level 1, Zerg Missile Weapons Level 1  
  64  7:29  Glial Reconstitution  
  62  7:31  Drone x3  
  65  7:41  Roach x2  
  64  7:55  Drone x3  
  64  7:56  Drone  
  65  8:00  Overlord x2  
  64  8:18  Roach x4  
  64  8:19  Roach x3  
  78  8:28  Roach x2  
  82  8:41  Overlord x2  
  82  9:05  Zergling x2  
  82  9:06  Zergling x24  
Show
View Real Time Build Order
Export as new Build Order

Yestaril Protoss - Winner!

Build Orders: Nexus First 

Get SALT Encoding   

  12  0:01  Probe (Chrono Boost)  
  13  0:11  Probe (Chrono Boost)  
  14  0:20  Pylon  
  14  0:22  Probe (Chrono Boost)  
  15  0:38  Probe (Chrono Boost)  
  16  0:49  Probe (Chrono Boost)  
  17  1:05  Nexus, Unknown  
  17  1:13  Probe (Chrono Boost)  
  17  1:15  Gateway  
  18  1:23  Assimilator  
  18  1:34  Probe (Chrono Boost)  
  19  1:45  Gateway  
  19  1:46  Probe (Chrono Boost)  
  20  1:56  Pylon  
  21  2:01  Probe (Chrono Boost)  
  21  2:03  Cybernetics Core  
  20  2:12  Probe (Chrono Boost)  
  20  2:14  Assimilator  
  21  2:16  Unknown  
  21  2:18  Probe (Chrono Boost)  
  21  2:22  Probe (Chrono Boost)  
  23  2:29  Probe (Chrono Boost)  
  24  2:34  Probe (Chrono Boost)  
  24  2:35  Adept x2  
  25  2:41  Probe (Chrono Boost)  
  30  2:46  Probe (Chrono Boost)  
  31  2:52  Twilight Council  
  31  2:55  Probe (Chrono Boost)  
  33  2:58  Probe (Chrono Boost)  
  33  3:01  Adept x2  
  37  3:08  Probe (Chrono Boost)  
  37  3:09  Probe (Chrono Boost)  
  37  3:10  Warp Gate  
  39  3:19  Probe (Chrono Boost)  
  40  3:20  Probe (Chrono Boost)  
  40  3:23  Pylon  
  41  3:29  Probe (Chrono Boost)  
  41  3:31  Probe (Chrono Boost)  
  43  3:40  Probe (Chrono Boost), Resonating Glaives  
  45  3:41  Probe (Chrono Boost)  
  43  3:52  Probe (Chrono Boost)  
  43  3:54  Probe (Chrono Boost)  
  43  3:59  Robotics Facility  
  43  4:02  Gateway  
  44  4:03  Probe (Chrono Boost), Gateway  
  44  4:06  Probe (Chrono Boost)  
  44  4:07  Gateway  
  45  4:13  Probe (Chrono Boost)  
  47  4:17  Gateway  
  47  4:18  Probe (Chrono Boost)  
  47  4:24  Pylon  
  47  4:29  Probe (Chrono Boost)  
  47  4:30  Probe (Chrono Boost)  
  47  4:41  Probe (Chrono Boost)  
  47  4:42  Probe (Chrono Boost)  
  47  4:43  Assimilator  
  47  4:45  Assimilator  
  49  4:47  Warp Prism  
  49  4:49  Pylon  
  49  4:51  Pylon  
  49  4:57  Nexus, Unknown  
  49  5:01  Pylon  
  49  5:05  Mothership Core (Chrono Boost)  
  51  5:18  Adept x4  
  51  5:19  Adept x2  
  63  5:30  Probe (Chrono Boost)  
  63  5:32  Probe (Chrono Boost), Blink  
  65  5:38  Immortal  
  65  5:41  Probe (Chrono Boost)  
  71  5:44  Probe (Chrono Boost)  
  71  5:51  Adept x3, Probe (Chrono Boost)  
  71  5:56  Probe (Chrono Boost)  
  79  6:03  Probe (Chrono Boost)  
  80  6:08  Probe (Chrono Boost)  
  80  6:09  Unknown  
  81  6:14  Probe (Chrono Boost)  
  82  6:22  Immortal  
  78  6:27  Probe x2 (Chrono Boost)  
  78  6:28  Stalker x4  
  78  6:29  Probe (Chrono Boost), Stalker  
  94  6:41  Probe (Chrono Boost)  
  94  6:44  Probe x2 (Chrono Boost)  
  94  7:03  Probe (Chrono Boost)  
  94  7:04  Stalker x2  
  94  7:05  Probe (Chrono Boost)  
  98  7:09  Probe (Chrono Boost), Pylon x2  
  98  7:10  Pylon x2  
  98  7:13  Immortal  
  98  7:14  Probe (Chrono Boost)  
  101  7:24  Probe (Chrono Boost)  
  101  7:26  Probe x2 (Chrono Boost)  
  101  7:29  Adept x3  
  105  7:30  Adept  
  105  7:32  Stalker  
  105  7:33  Stalker  
  111  7:38  Probe (Chrono Boost), Forge x2  
  111  7:39  Probe (Chrono Boost)  
  111  7:40  Probe (Chrono Boost)  
  111  7:41  Assimilator  
  111  7:42  Assimilator, Pylon  
  111  7:43  Pylon  
  114  7:47  Immortal  
  114  7:58  Probe x2 (Chrono Boost)  
  115  7:59  Probe (Chrono Boost), Stalker x3  
  115  8:00  Stalker x3  
  125  8:10  Gateway  
  125  8:12  Gateway  
  125  8:15  Gateway  
  125  8:17  Gateway  
  123  8:21  Warp Prism  
  125  8:33  Sentry x6  
  137  8:34  Nexus, Unknown  
  137  8:55  Observer, Pylon  
  137  8:59  Pylon  
  137  9:02  Pylon  
  138  9:05  Stalker  
  138  9:06  Stalker x4  
  148  9:13  Observer  
  141  9:23  Stalker x3  
  141  9:24  Stalker x2  
  145  9:34  Stalker x5  
Tags
 
Add a new tag
Caveats
  • Supply blocks, unpowered buildings, or Contaminate may cause inaccurate times.
  • Supply counts are checked every 10 seconds.